 Dungeon Crawl Stone Soup version 0.20.0-10-g0535bb4 (webtiles) character file.

51 straycat the Skirmisher (level 3, -6/28 HPs)
             Began as a Vampire Fighter on June 5, 2017.
             Killed from afar by an orc wizard (8 damage)
             ... with a magic dart
             ... on level 2 of the Dungeon.
             The game lasted 00:04:53 (1891 turns).

straycat the Skirmisher (Vampire Fighter)           Turns: 1891, Time: 00:04:55

Health: -6/28      AC:  6    Str: 16    XL:     3   Next: 57%
Magic:  3/3        EV: 10    Int: 10    God:
Gold:   65         SH:  0    Dex: 13    Spells: 2/2 levels left

rFire    . . .     SeeInvis +   a - +0 rapier
rCold    . . .     Gourm    .   (no shield)
rNeg     + . .     Faith    .   b - +0 scale mail
rPois    .         Spirit   .   (no helmet)
rElec    .         Reflect  .   (no cloak)
rCorr    .         Harm     .   (no gloves)
MR       .....                  (no boots)
Stlth    +.........             (no amulet)
Regen    0.1/turn               (no ring)
MPRegen  0.1/turn               (no ring)

@: slowed, very slow
A: fangs 3, see invisible, unbreathing
a: Bat Form


You were on level 2 of the Dungeon.
You were not thirsty.

You visited 1 branch of the dungeon, and saw 3 of its levels.

You collected 65 gold pieces.

Inventory:

Hand Weapons
 a - a +0 rapier (weapon)
 h - a cursed -2 short sword
 m - a +0 hunting sling
 q - a +0 short sword of holy wrath
Missiles
 f - 8 tomahawks (quivered)
 i - 88 stones
 t - 27 arrows
 u - 7 poisoned javelins
 w - 13 bolts
Armour
 b - a +0 scale mail (worn)
 c - a +0 shield
 k - a +0 large shield
Jewellery
 p - an uncursed ring of positive energy {unknown}
 r - an uncursed amulet of regeneration {unknown}
Wands
 x - a wand of polymorph (11/24)
Scrolls
 n - 3 scrolls of blinking {unknown}
 o - a scroll of identify {unknown}
 s - a scroll of fog {unknown}
Potions
 d - a potion of might
 e - 11 potions of blood
 g - a potion of heal wounds {unknown}
 j - 2 potions of curing {unknown}
 l - a potion of flight {unknown}
 v - a potion of berserk rage {unknown}


   Skills:
 + Level 2.9 Fighting
 - Level 2.1 Short Blades
 - Level 2.4 Armour
 * Level 2.6 Dodging
 + Level 2.5 Stealth
 - Level 2.6 Shields


You had 2 spell levels left.
You didn't know any spells.

Dungeon Overview and Level Annotations

Branches:
Dungeon (3/15)

Altars:
The Shining One


Innate Abilities, Weirdness & Mutations

You have razor-sharp teeth.
You have supernaturally acute eyesight. (SInv)
You can survive without breathing.


Message History

The orc wizard is almost dead.
The orc wizard closely misses you.
The orc wizard mumbles some strange words.
The orc wizard blinks!
You feel yourself speed up.
The orc wizard mumbles some strange words.
The orc wizard blinks!
The orc wizard points at you and mumbles some strange words.
You feel yourself slow down.
The orc wizard hits you but does no damage.
The orc wizard closely misses you.
The orc wizard hits you but does no damage.
You barely miss the orc wizard.
The orc wizard is almost dead.
The orc wizard gestures at you while chanting.
The magic dart hits you!
* * * LOW HITPOINT WARNING * * *
The orc wizard points at you and mumbles some strange words.
The magic dart hits you!
You die...

######### ####### #.......#
#.....# ##### #.#####.# #.....#
#.... #.# #.# #.....# #.... #.#
#.#########.....######.... #.#
#.#>.....@o.....#.........
##.#####.#[#######.....#.........
.........#.# #.....#.........
##.#######.# #.....#......... #.#
#.....# #.....###.##.... #.#
#.###.# ##.#### #.###### #.# #.#
#.# #.# #.# #.# #.#
#.########.######.###### ##.# #.#
#.......................


You could see an orc wizard.

Vanquished Creatures
  An adder (D:2)
  A worm (D:2)
  2 dart slugs (D:2)
  2 leopard geckos (D:2)
  An orc (D:2)
  A giant cockroach (D:1)
  4 goblins
  6 hobgoblins
  4 bats
  4 frilled lizards
  A kobold (D:2)
  4 rats
31 creatures vanquished.

Notes
Turn   | Place    | Note
-------+----------+-------------------------------------------
     0 | D:1      | straycat the Vampire Fighter began the quest for the Orb.
     0 | D:1      | Reached XP level 1. HP: 17/17 MP: 1/1
   155 | D:1      | Reached skill level 1 in Dodging
   242 | D:1      | Reached skill level 1 in Stealth
   335 | D:1      | Reached XP level 2. HP: 22/23 MP: 2/2
   805 | D:2      | Reached XP level 3. HP: 19/28 MP: 3/3
  1168 | D:2      | Found a glowing golden altar of the Shining One.
  1891 | D:2      | Killed from afar by an orc wizard

Skill      XL: |  1  2 |
---------------+-------+-----
Dodging        | 1 2 |  2.6
Stealth        | 1 2 |  2.5
Fighting       | |  2.9
Short Blades   | |  2.1
Armour         | |  2.4
Shields        | |  2.6

Action                   || total
-------------------------++-------
Melee: Rapier            ||   109
       Bite              ||     9
  Use: Potion            ||     2
Armor: Scale mail        ||    53
Dodge: Dodged            ||    62
